← All builds
Pond / Armada / Economy first / OBSERVED BUILD

Blitz raid

Armada Pond build order · Supreme Isthmus

Pond skips its usual Bot Lab economy focus for an early Vehicle Plant, pushing Blitz tanks forward from 4:08 to raid and fight in the enemy base.

Usually pumps units (64%)

#raid #rush · 90 distinct matches · 47 players · 5% of Armada Pond games · team won 62% of 91 · Recently observed

THE CATCH, AND WHAT COMES WITH IT
  • BlitzT1 vehicle raid from 4:08 · 5% of role by thenFrom the Vehicle Plant. Only 5% of Pond games have it by then; others who build it get it around 8:17
  • Vehicle PlantVehicle Plant in 99%9% of all Pond games by then
  • BlitzBlitz in 66%5% of all Pond games by then

Started with Blitz (68%), Pincer (26%), Rover (5%).

Where those units first fight, in 91 games with kill data: in the middle 74%, on their own side 15%, in the enemy base 11%.

Those units destroy a typical 1,709 metal of enemy units by 15:00.

HOW TO PLAY IT

Key timing: Vehicle Plant by 3:16, Blitz raid by 4:04

  1. Open wind and mex as normal, skip Bot Lab for now.
  2. Drop a Vehicle Plant early instead of the usual Bot Lab-first order.
  3. Send first Blitz tanks raiding straight into the enemy base.
  4. Reclaim the Vehicle Plant once raid value is spent.
  5. Pivot to Advanced Metal Extractor and Bot Lab for normal army.

Phase by phase

TYPICAL OF ITS 90 GAMES · AGAINST STANDARD POND
  1. 1
  2. 2
  3. 3
PLAY THE OPENING

Follow the example game's first 6:00 step by step: what to build now, what comes next, and where it goes. At 1× it keeps pace with your own game.

  1. 1

    Up to the Vehicle Plant

    Economy
    • Metal Extractor4Mex
    • Tidal Generator8Tidalfor allies
    • Wind Turbine4Wind
    • Tidal Generator1Tidal
    Order
    1. Vehicle PlantVehicle Plant after 4 mex, 4 wind, 1 tidaldone ~3:33, middle half 3:18–4:08

    Some games also: energy storage (49%)

    By 3:14 in all: 4 mex · 4 wind · 1 tidal

    The example game in this phase · 4 steps
    1. Tidal ×8for Suicide front
    2. Tidal ×3
    3. Mex ×4
    4. Vehicle PlantVehicle Plantdone 3:03 · typical 3:33
  2. 2

    Vehicle Plant to T1 vehicle raid

    Order
    1. BlitzT1 vehicle raid after 4 mex, 6 wind, 1 tidal
    Builders
    • Construction Vehicle1 Con vehicle

    Some games also: wind (38%)

    The standard build makes here, this one skips: 2 wind

    By 4:08 in all: 4 mex · 6 wind · 1 tidal · 1 energy storage

    The example game in this phase · 26 steps
    1. Construction VehicleCon vehicle
    2. Wind ×5
    3. Construction VehicleCon vehicle
    4. Wind ×4
    5. Construction VehicleCon vehicle
    6. Wind ×2
    7. Converter
    8. Wind ×2
    9. Construction VehicleCon vehicle
    10. Wind
    11. Converter
    12. Wind ×3
    13. Construction VehicleCon vehicle
    14. Converter
    15. Wind ×3
    16. Converter
    17. Wind ×5
    18. Construction VehicleCon vehicle
    19. Wind
    20. Converter
    21. Wind ×2
    22. Energy storage
    23. Converter
    24. Wind ×3
    25. Converter
    26. PincerPincerdone 6:21
  3. 3

    T1 vehicle raid to 10:00

    Economy
    • Wind Turbine20Wind−11 vs standard
    • Energy Converter4Converter−4 vs standard
    Order
    1. Vehicle PlantEat Vehicle Plant in 56% of games
    Builders
    • Construction Turret1 Con turret
    • Construction Vehicle1 Con vehicle
    Army
    • Blitz14 Blitz +14 vs standard

    The standard build makes here, this one skips: 2 con bot

    By 10:00 in all: 4 mex · 26 wind (standard 38) · 1 tidal · 6 converter (standard 9) · 1 energy storage · 1 con turret (standard 3)

    The example game in this phase · 119 steps
    1. Wind
    2. Converter
    3. Wind ×2
    4. PincerPincer
    5. Wind ×2
    6. Converter
    7. Wind ×2
    8. PincerPincer
    9. Wind
    10. Converter
    11. Wind ×2
    12. Converter
    13. PincerPincer
    14. Wind ×3
    15. Converter
    16. PincerPincer
    17. Wind ×2
    18. Converter
    19. PincerPincer
    20. Wind ×2
    21. PincerPincer
    22. Wind ×2
    23. Converter
    24. PincerPincer
    25. Wind ×2
    26. Converter
    27. Wind
    28. PincerPincer
    29. JanusJanus
    30. Wind
    31. Converter
    32. Wind ×2
    33. JanusJanus
    34. Wind ×2
    35. Converter
    36. Wind
    37. StoutStout
    38. Wind ×2
    39. Converter
    40. Wind
    41. StoutStout
    42. Wind
    43. Converter
    44. Wind
    45. StoutStout
    46. Wind ×2
    47. Converter
    48. Wind ×2
    49. StoutStout
    50. Advanced Metal ExtractorT2 mexdone 10:22 · typical 9:46
    51. Wind
    52. Converter
    53. Wind ×3
    54. Converter
    55. Wind ×3
    56. Converter
    57. Wind ×2
    58. Advanced Metal ExtractorT2 mex
    59. Wind
    60. Converter
    61. Wind
    62. ArbalestArbalest
    63. NettleNettle ×2
    64. Wind ×8
    65. Advanced Metal ExtractorT2 mex
    66. Wind ×7
    67. Con turret
    68. Advanced Metal ExtractorT2 mex
    69. Wind ×6
    70. Con turret
    71. Wind ×3
    72. Con turret
    73. Wind
    74. Advanced Metal ExtractorT2 mex
    75. Wind
    76. Con turret
    77. Wind ×2
    78. Con turret
    79. Wind
    80. Con turret
    81. Wind
    82. Con turret
    83. Wind
    84. Con turret
    85. Wind ×2
    86. BlitzBlitz ×3for Geo seadone 13:22
    87. Wind ×2
    88. BlitzBlitzfor Geo sea
    89. Vehicle PlantVehicle Plantdone 13:35
    90. BlitzBlitz ×2for Geo sea
    91. Wind ×2
    92. BlitzBlitz ×4for Geo sea
    93. Wind
    94. BlitzBlitzfor Geo sea
    95. Wind
    96. Fusion ReactorFusionnot finished by 15:00
    97. BlitzBlitz ×3for Geo sea
    98. Wind
    99. BlitzBlitz
    100. Wind
    101. BlitzBlitz ×3
    102. Wind
    103. BlitzBlitz ×2
    104. Wind
    105. BlitzBlitz ×6
    106. Wind
    107. BlitzBlitz ×2
    108. Wind
    109. BlitzBlitz ×2
    110. Wind
    111. BlitzBlitz ×2
    112. Wind ×2
    113. BlitzBlitz
    114. Wind
    115. BlitzBlitz
    116. Wind
    117. BlitzBlitz ×2
    118. Wind ×2
    119. BlitzBlitz ×2

Counts are medians over the build's games: half of them build more, half fewer. The example game is FrugalResources's (31 OS, 07/10/2026); pick another.

Team trades

IN AT LEAST 30% OF ITS GAMES

You hand over

  • Tidal Generator8 Tidal to Suicide front or Frontfirst at 0:12 · in 85% of games

You get

  • Advanced Construction Bot1 T2 con bot from Techfirst at 7:47 · in 79% of games

How it plays out

Typical game of this build against the role’s standard build, running totals by minute

  • This build
  • Standard pond

Metal produced

010k20k30k
0:005:0010:0015:00

metal

Enemy metal destroyed

01k2k3k
0:005:0010:0015:00

metal

Own metal lost

02k4k
0:005:0010:0015:00

metal

91 games.

Show as table
ByMetal produced: This buildMetal produced: Standard pondEnemy metal destroyed: This buildEnemy metal destroyed: Standard pondOwn metal lost: This buildOwn metal lost: Standard pond
1:001151150000
2:002752680000
3:008247990000
4:00149714730000
5:00217821850000
6:002894299550000
7:0037273910462215500
8:0047264948763170940117
9:005668622312413791320316
10:007004770514506111650552
11:008629964518258422090855
12:0010261120522008116924201289
13:0012109145382473155326401876
14:0014380174272766213435252535
15:0016874201882916259939713249
WHAT THE NUMBERS SAY

Won more often than the standard build despite producing less metal, trading extra losses for far more enemy metal destroyed by 15:00.

  • + Destroys roughly 1679 metal by 15:00 via the raid.
  • + Far higher enemy metal destroyed at 10:00 (1517 vs 670).
  • − Own metal lost more than triples by 10:00 (1650 vs 431).
  • − Metal production falls behind standard by 15:00 (17959 vs 20997).
THE EXAMPLE YOU ARE READING

FrugalResources

30.8 OS · 07/10/2026

Open source match ↗

1 received units · includes a constructor
190 metal received · 23335 energy received

Allied construction assistance is unknown. Timings are observations, not a promise of solo reproducibility.

Typical milestones

Vehicle Plant3:33Middle 50%: 3:18–4:08 · n=91
Advanced Metal Extractor9:46Middle 50%: 8:43–10:27 · n=74

Played most by

haaven8games of this buildHunfore7games of this buildViltrum7games of this buildzeus_on_god7games of this buildFrugalResources6games of this build